 Dungeon Crawl Stone Soup version 0.29.1-15-g9cfb28693d (webtiles) character file.

Game seed: 3979861998101132154

295 Smoke131 the Firebug (level 6, 0/45 HPs)
             Began as a Draconian Fire Elementalist on Mar 1, 2023.
             Slain by a sickly merfolk siren
             ... wielding a +0 trident
              (21 damage)
             ... in a sewer.
             The game lasted 00:08:02 (3825 turns).

Smoke131 the Firebug (Draconian Fire Elementalist)  Turns: 3825, Time: 00:08:02

Health: 0/45       AC:  6    Str: 10    XL:     6   Next: 11%
Magic:  8/11       EV: 12    Int: 21    God:
Gold:   1256       SH:  0    Dex: 11    Spells: 5/11 levels left

rFire   + . .      SeeInvis .   j - +8 mace of Cruel Justice {vorpal, rElec rF+ Int+3}
rCold   . . .      Faith    .   (no shield)
rNeg    . . .      Spirit   .   (body armour unavailable)
rPois   .          Reflect  .   (helmet restricted)
rElec   +          Harm     .   (no cloak)
rCorr   .          Rampage  .   (no gloves)
Will    .....                   (no boots)
Stlth   ++........              (no amulet)
HPRegen 0.15/turn               h - ring of wizardry
MPRegen 0.12/turn               (no ring)

@: mesmerised
A: AC +6, unfitting armour, cold-blooded
a: no special abilities


You were in a sewer.
You visited 1 branch of the dungeon, and saw 4 of its levels.
You also visited: Sewer.

You collected 1256 gold pieces.

Inventory:

Hand Weapons
 d - a +1 hand axe
 j - the +8 mace of Cruel Justice (weapon) {vorpal, rElec rF+ Int+3}
   (You found it on level 2 of the Dungeon)

   It inflicts extra damage upon your enemies.
   Int:       It affects your intelligence (+3).
   rF:        It protects you from fire.
   rElec:     It insulates you from electricity.
Armour
 a - a +0 pair of boots
Jewellery
 g - a ring of ice
 h - a ring of wizardry (left hand)
 r - an amulet of guardian spirit
Scrolls
 b - a scroll of identify
Potions
 i - a potion of ambrosia {unknown}
 l - 3 potions of flight
 m - 2 potions of degeneration
 s - a potion of berserk rage {unknown}


   Skills:
 + Level 3.3 Dodging
 - Level 1.7 Stealth
 + Level 3.3 Spellcasting
 + Level 3.1 Conjurations
 + Level 4.2 Fire Magic


You had 5 spell levels left.
You knew the following spells:

 Your Spells              Type           Power      Damage    Failure   Level
a - Foxfire               Conj/Fire      76%        2x1d7     1%          1
b - Scorch                Fire           42%        2d7       1%          2
c - Conjure Flame         Conj/Fire      19%        6-21      3%          3

Your spell library contained the following spells:

 Spells                   Type           Power      Damage    Failure   Level
 Sandblast                Erth           6%         2d5       5%          1
 Inner Flame              Hex/Fire       12%        N/A       6%          3
 Passwall                 Tmut/Erth      2%         N/A       8%          2
 Ignite Poison            Fire/Tmut/Pois 9%         N/A       9%          3
 Stone Arrow              Conj/Erth      20%        3d8       9%          3
 Mephitic Cloud           Conj/Pois/Air  7%         N/A       11%         3
 Flame Wave               Conj/Fire      19%        2d7       12%         4
 Gell's Gravitas          Tloc           3%         N/A       16%         3
 Lesser Beckoning         Tloc           3%         N/A       16%         3
 Teleport Other           Tloc           3%         N/A       16%         3
 Freezing Cloud           Conj/Ice/Air   3%         6-21      65%         5


Dungeon Overview and Level Annotations

Branches:
Dungeon (4/15)              Sewer (1/1)
 Temple: D:4-7

Altars:
Elyvilon


Innate Abilities, Weirdness & Mutations

Your plain brown scales are hard. (AC +6)
You cannot fit into any form of body armour.
You are cold-blooded and may be slowed by cold attacks.


Message History

You kill the rat!
A rat comes into view.
A quokka comes into view.
You hit the rat.
You kill the rat!
The quokka barely misses you.
You sock the quokka!
You kill the quokka!
A rat comes into view.
You see here a rat corpse.
A sickly merfolk siren and a frilled lizard come into view.
Found 9 gold pieces.
Found 6 gold pieces.
The sickly merfolk siren shouts!
The sickly merfolk siren chants a haunting song.
You are mesmerised by the sickly merfolk siren!
You see here a rat corpse.
You cannot move away from the sickly merfolk siren!
You cannot move away from the sickly merfolk siren!
You cannot move away from the sickly merfolk siren!
A rat comes into view.
The frilled lizard hisses angrily.
The sickly merfolk siren chants its luring song.
The rat completely misses you.
You hit the rat.
You kill the rat!
The sickly merfolk siren chants its luring song. x2
You cannot move away from the sickly merfolk siren!
Found 11 gold pieces.
The rat bites you but does no damage.
The sickly merfolk siren chants its luring song.
The frilled lizard barely misses you.
You hit the frilled lizard but do no damage.
The rat bites you but does no damage. The frilled lizard closely misses you.
The sickly merfolk siren chants its luring song.
The rat splashes around in the water.
You sock the rat!
You kill the rat!
The frilled lizard barely misses you.
The sickly merfolk siren hits you from afar with a +0 trident!!
You die...

###~~~. #∩∩~~~~
####### ####
##########≈~≈≈
#$$$
#≈≈~~~~~~~~~~~
..~
###≈~~##########
####~###≈≈≈#.#
#≈≈≈~†~~~~##.#
#~≈~ml@..†...#
#~~~...#######
~~~~...##
#~...## #####


You could see a sickly merfolk siren (mesmerising) and a frilled lizard.

Vanquished Creatures
  A black bear (D:4)
  3 gnolls (D:2)
  7 adders
  2 river rats (Sewer)
  2 worms
  2 orcs (D:3)
  4 ball pythons
  9 endoplasms
  4 giant cockroaches
  A goblin (D:2)
  5 hobgoblins
  10 jackals
  5 quokkas
  9 bats
  A frilled lizard (Sewer)
  2 kobolds
  18 rats
85 creatures vanquished.

Vanquished Creatures (others)
  25 foxfires
25 creatures vanquished.

Grand Total: 110 creatures vanquished

Notes
Turn   | Place    | Note
-------+----------+-------------------------------------------
     0 | D:1      | Smoke131 the Draconian Fire Elementalist began the quest
                  | for the Orb.
     0 | D:1      | Reached XP level 1. HP: 14/14 MP: 3/3
   334 | D:1      | Found a faded altar of an unknown god.
   860 | D:1      | Reached XP level 2. HP: 13/20 MP: 0/5
   863 | D:1      | Learned a level 2 spell: Scorch
  1234 | D:2      | Reached XP level 3. HP: 19/26 MP: 0/6
  1239 | D:2      | Identified the +8 mace of Cruel Justice {vorpal, rElec rF+
                  | Int+3}
  2049 | D:2      | Reached XP level 4. HP: 27/33 MP: 0/7
  2979 | D:3      | Learned a level 3 spell: Conjure Flame
  3138 | D:3      | Found a white marble altar of Elyvilon.
  3537 | D:4      | Identified a scroll of acquirement
  3537 | D:4      | Acquired 1041 gold pieces
  3589 | D:4      | Reached XP level 5. HP: 21/38 MP: 5/9
  3602 | D:4      | Noticed a black bear
  3649 | D:4      | Found a glowing drain.
  3655 | D:4      | Killed a black bear
  3656 | D:4      | Reached skill level 4 in Fire Magic
  3670 | Sewer    | Entered a sewer
  3700 | Sewer    | Reached XP level 6. HP: 5/45 MP: 0/10
  3825 | Sewer    | Slain by a sickly merfolk siren

Illustrated notes

Levels and vault maps discovered:
D:1:      mrwooster_arrival_statue_3, layout_basic,
          shapermc_ecumenical_altar_notcrosses
D:2:      layout_basic
D:3:      layout_loops_corners, elyvilon_altar_4
D:4:      layout_cave_pools, portal_sewer_entry_f, enter_ossuary_5, uniq_robin
Sewer:    sewer_sea

Skill      XL: |  1  2  3  4  5 |
---------------+----------------+-----
Dodging        | 2 3 |  3.3
Conjurations   | 2 3 |  3.1
Spellcasting   | 3 |  3.3
Fire Magic     | 4 |  4.2
Stealth        | |  1.7

Action                   |  1- 3 |  4- 6 || total
-------------------------+-------+-------++-------
Melee: Hand axe          |    15 |       ||    15
       Tailslap          |     1 |     6 ||     7
       Mace              |    15 |    80 ||    95
 Cast: Foxfire           |    15 |     2 ||    17
       Scorch            |    18 |    19 ||    37
  Use: Potion            |     1 |       ||     1
       Scroll            |       |    12 ||    12
 Stab: Sleeping          |     2 |     2 ||     4
Armor: Skin              |    11 |    39 ||    50
Dodge: Dodged            |    30 |   117 ||   147
